 Dungeon Crawl Stone Soup version 0.26-a0-1033-gd598b01645 (webtiles) character file.

Game seed: 16179225642160739970

140 PentaManta the Chopper (level 5, -5/46 HPs)
             Began as a Deep Dwarf Fighter on Dec 10, 2020.
             Killed from afar by Grinder (8 damage)
             ... with a puff of flame
             ... on level 3 of the Dungeon.
             The game lasted 00:05:09 (1728 turns).

PentaManta the Chopper (Deep Dwarf Fighter)         Turns: 1728, Time: 00:05:09

Health: -5/46      AC:  6    Str: 21    XL:     5   Next: 2%
Magic:  5/5        EV:  7    Int:  8    God:
Gold:   99         SH: 15    Dex: 18    Spells: 4/4 levels left

rFire    . . .     SeeInvis +   a - +0 war axe
rCold    . . .     Faith    .   c - +0 kite shield
rNeg     . . .     Spirit   .   b - +0 scale mail
rPois    .         Reflect  +   (no helmet)
rElec    .         Harm     .   (no cloak)
rCorr    .         Rampage  .   (no gloves)
Will     .....                  (no boots)
Stlth    ..........             r - amulet of reflection
HPRegen  0.00/turn              h - ring of see invisible
MPRegen  0.09/turn              f - +6 ring of dexterity

@: non-regenerating
A: damage resistance, heal wounds, sense surroundings 1, no regeneration
a: Heal Wounds


You were on level 3 of the Dungeon.
You visited 1 branch of the dungeon, and saw 3 of its levels.

You collected 99 gold pieces.

Inventory:

Hand Weapons
 a - a +0 war axe (weapon)
 k - a +0 hand axe
 l - a +0 dagger
Missiles
 i - 6 curare-tipped darts
Armour
 b - a +0 scale mail (worn)
 c - a +0 kite shield (worn)
Jewellery
 f - a +6 ring of dexterity (right hand)
 h - a ring of see invisible (left hand)
 r - an amulet of reflection (around neck)
Wands
 p - a wand of random effects (15)
Scrolls
 o - a scroll of fog {unknown}
Potions
 d - a potion of might
 e - a potion of mutation {unknown}
 g - a potion of degeneration {unknown}
 j - a potion of lignification
 m - a potion of berserk rage {unknown}
 n - a potion of flight {unknown}
 q - a potion of heal wounds


   Skills:
 - Level 2.6 Fighting
 + Level 5.8 Axes
 - Level 3.2 Armour
 - Level 3.2 Shields


You had 4 spell levels left.
You didn't know any spells.
Your spell library was empty.

Dungeon Overview and Level Annotations

Branches:
Dungeon (3/15)

Altars:
Qazlal

Annotations:
D:3 Grinder, Natasha


Innate Abilities, Weirdness & Mutations

You are resistant to damage.
You can heal yourself by infusing magical energy.
You passively map a small area around you.
You do not regenerate.


Message History

Natasha, Servant of Life and Death comes into view.
Natasha hisses angrily.
Grinder zaps a wand.
The puff of flame hits you.
* * * LOW HITPOINT WARNING * * *
Natasha moves out of view.
Grinder blinks!
Grinder zaps a wand.
The puff of flame hits you.
Natasha drinks a potion.
Natasha seems to speed up.
Natasha casts a spell.
You block Natasha's attack. You block Grinder's attack.
Natasha barely misses you. The crimson imp barely misses you.
Natasha closely misses you. You block Grinder's attack.
Natasha barely misses you. You block the crimson imp's attack.
Grinder gestures at you. You resist with some effort.
Natasha barely misses you. The crimson imp hits you.
* * * LOW HITPOINT WARNING * * *
You block Natasha's attack.
Grinder zaps a wand.
The puff of flame hits you!
You die...

* * .......<.####
#.#.....# ....##...#
#.#####(# ..
.##...##.## #.# #.#
.,..........# #.# #.#
,......>.##..# #.#
#.. ......>....# #.#
#.. ,+ ,
###.##..###.## #.#
### *
...(.#5h.....###.####
* *
.......@.##.........#
###.##5..†...##..##.#
**
#.......#.......<.#
#.#...........##### ,
#..........#..# ** *
* #.##.......#..^..
#. ####....#.##### *
. #....(.. , #
###..#.# * *


You could see Grinder, Natasha (fast) and a crimson imp (summoned).

Vanquished Creatures
  Jessica (D:3)
  An iguana (D:3)
  Natasha (D:3)
  An adder (D:2)
  An ooze (D:2)
  A worm (D:2)
  3 dart slugs
  A leopard gecko (D:1)
  A ball python (D:1)
  6 bats
  2 giant cockroaches
  5 goblins
  5 hobgoblins
  3 kobolds (D:2)
  2 quokkas (D:2)
  2 frilled lizards
  9 rats
45 creatures vanquished.

Notes
Turn   | Place    | Note
-------+----------+-------------------------------------------
     0 | D:1      | PentaManta the Deep Dwarf Fighter began the quest for the
                  | Orb.
     0 | D:1      | Reached XP level 1. HP: 20/20 MP: 1/1
   148 | D:1      | Reached skill level 3 in Axes
   166 | D:1      | Reached XP level 2. HP: 20/27 MP: 2/2
   833 | D:2      | Found a stormy altar of Qazlal.
   859 | D:2      | Reached skill level 4 in Axes
   859 | D:2      | Reached XP level 3. HP: 19/33 MP: 3/3
  1591 | D:3      | Noticed Jessica
  1600 | D:3      | Reached skill level 5 in Axes
  1600 | D:3      | Reached XP level 4. HP: 10/40 MP: 4/4
  1604 | D:3      | Killed Jessica
  1692 | D:3      | Noticed Grinder
  1698 | D:3      | Noticed Natasha
  1706 | D:3      | Killed Natasha
  1707 | D:3      | Reached XP level 5. HP: 28/46 MP: 5/5
  1719 | D:3      | Noticed Natasha
  1728 | D:3      | Killed from afar by Grinder

Illustrated notes

Levels and vault maps discovered:
D:1:      minmay_arrival_shattered_statue, layout_loops_ring
D:2:      layout_rooms, nicolae_overflow_crystal_walls,
          chequers_serial_rivers_large_b, minmay_misc_feat_encased
D:3:      layout_basic, uniq_grinder, uniq_natasha, uniq_jessica

Skill      XL: |  1  2  3 |
---------------+----------+-----
Axes           | 3 4 5 |  5.8
Fighting       | |  2.6
Armour         | |  3.2
Shields        | |  3.2

Action                   |  1- 3 |  4- 6 || total
-------------------------+-------+-------++-------
Melee: War axe           |    58 |    16 ||    74
       Unarmed           |     1 |       ||     1
       Dagger            |   105 |       ||   105
       Hand axe          |     8 |       ||     8
  Use: Scroll            |     6 |       ||     6
       Potion            |     1 |     1 ||     2
Armor: Scale mail        |    72 |     1 ||    73
Dodge: Dodged            |    38 |     5 ||    43
Block: Kite shield       |    89 |    12 ||   101
       Reflection        |       |     3 ||     3

Table legend: (Time is in decaauts)
 A = Elapsed time spent in this place.
 B = Non-inter-level travel time spent in this place.
 C = Inter-level travel time spent in this place.
 D = Time resting spent in this place.
 E = Time spent auto-exploring this place.
 F = Levels seen in this place.
 G = Mean time per level.
                   A        B        C        D        E       F      G
               +--------+--------+--------+--------+--------+-----+--------+
         Total |   1790 |   1658 |    132 |     12 |   1126 |   3 |  596.7 |
       Dungeon |   1790 |   1658 |    132 |     12 |   1126 |   3 |  596.7 |
               +--------+--------+--------+--------+--------+-----+--------+

Top non-repeatable levels by time:
     D:1: 804 daAuts
     D:2: 747 daAuts
     D:3: 237 daAuts
